 Dungeon Crawl Stone Soup version 0.27-a0-1548-gf8a67e7463 (webtiles) character file.

Game seed: 16626838860655197558

21214 Morbidden the Thaumaturge (level 12, -16/97 HPs)
             Began as a Demigod Conjurer on July 14, 2021.
             Shot with an arrow by a centaur warrior (21 damage)
             ... on level 12 of the Dungeon.
             The game lasted 00:20:38 (15864 turns).

Morbidden the Thaumaturge (Demigod Conjurer)       Turns: 15864, Time: 00:20:39

Health: -16/97     AC:  5    Str: 12    XL:     12   Next: 22%
Magic:  25/30      EV: 11    Int: 41    God:
Gold:   507        SH:  3    Dex: 12    Spells: 12/30 levels left

rFire    . . .     SeeInvis +   a - +2 dagger (venom)
rCold    . . .     Faith    .   H - +0 buckler
rNeg     . . .     Spirit   .   w - +0 leather armour of Reagg {*Slow Will- Int+9}
rPois    .         Reflect  .   o - +0 helmet
rElec    .         Harm     .   (no cloak)
rCorr    .         Rampage  .   h - +0 pair of gloves
Will     .....                  (no boots)
Stlth    ++........             l - amulet of magic regeneration
HPRegen  0.26/turn              q - ring of wizardry
MPRegen  0.47/turn              x - ring of see invisible

@: no status effects
A: high mp 1, forlorn
a: no special abilities


You were on level 12 of the Dungeon.
You visited 1 branch of the dungeon, and saw 12 of its levels.

You collected 782 gold pieces.
You spent 275 gold pieces at shops.

Inventory:

Hand Weapons
 a - a +2 dagger of venom (weapon)
 J - a +3 long sword of freezing
Missiles
 L - 6 curare-tipped darts (quivered)
Armour
 h - a +0 pair of gloves (worn)
 o - a +0 helmet (worn)
 w - the +0 leather armour of Reagg (worn) {*Slow Will- Int+9}
   (You found it on level 4 of the Dungeon)

   Int:       It affects your intelligence (+9).
   *Slow:     It may slow you when you take damage.
   Will:      It decreases your willpower.
 y - a +3 scale mail of poison resistance
 z - the +2 robe of the Forest {rC+ Regen+ Str+3}
   (You found it on level 5 of the Dungeon)

   Str:       It affects your strength (+3).
   rC:        It protects you from cold.
   Regen:     It increases your rate of health regeneration.
 E - a +0 troll leather armour
 G - the +7 chain mail "Voemar" {Harm rF+ Str+3}
   (You bought it in a shop on level 8 of the Dungeon)

   Str:       It affects your strength (+3).
   rF:        It protects you from fire.
   Harm:      It increases damage dealt and taken.
 H - a +0 buckler (worn)
Jewellery
 l - an amulet of magic regeneration (around neck)
 q - a ring of wizardry (left hand)
 t - a ring of willpower
 x - a ring of see invisible (right hand)
 A - a ring of positive energy
 R - a ring of resist corrosion
Wands
 u - a wand of iceblast (13)
 D - a wand of acid (22)
 F - a wand of flame (13)
 I - a wand of mindburst (8)
Scrolls
 f - 5 scrolls of amnesia
 g - 12 scrolls of identify
 i - 3 scrolls of enchant weapon {unknown}
 j - 2 scrolls of acquirement {unknown}
 m - 3 scrolls of teleportation {unknown}
 n - a scroll of vulnerability {unknown}
 p - 3 scrolls of noise {unknown}
 s - a scroll of enchant armour {unknown}
 v - 2 scrolls of fog {unknown}
 O - a scroll of blinking {unknown}
 Q - a scroll of brand weapon {unknown}
 T - a scroll of fear {unknown}
Potions
 b - 2 potions of brilliance {unknown}
 c - 4 potions of curing
 d - 2 potions of invisibility
 e - 3 potions of mutation {unknown}
 k - 2 potions of resistance
 r - 2 potions of attraction
 B - 2 potions of might {unknown}
 C - a potion of heal wounds {unknown}
 K - a potion of degeneration {unknown}
 M - a potion of lignification {unknown}
 N - a potion of haste {unknown}
 P - 3 potions of ambrosia {unknown}
 S - a potion of cancellation {unknown}


   Skills:
 * Level 6.7 Fighting
 * Level 4.1(5.2) Short Blades
 * Level 4.7(5.5) Long Blades
 + Level 0.4 Throwing
 + Level 2.8 Armour
 * Level 3.3 Dodging
 + Level 3.3 Stealth
 + Level 0.1 Shields
 + Level 1.6 Unarmed Combat
 * Level 9.8 Spellcasting
 + Level 9.1 Conjurations
 * Level 6.9 Translocations
 * Level 3.0 Transmutations
 * Level 2.2 Fire Magic
 * Level 3.2 Earth Magic


You had 12 spell levels left.
You knew the following spells:

 Your Spells              Type           Power      Damage    Failure   Level
a - Bolt of Magma         Conj/Fire/Erth 28%        4d13      5%          5
b - Iskenderun's Mystic   Conj/Tloc      72%        2d15      1%          4
c - Searing Ray           Conj           100%       3d7       1%          2
d - Statue Form           Tmut/Erth      30%        N/A       50%         6
z - Magic Dart            Conj           100%       1d8       1%          1

Your spell library contained the following spells:

 Spells                   Type           Power      Damage    Failure   Level
 Animate Skeleton         Necr           40%        N/A       1%          1
 Freeze                   Ice            80%        1d9       1%          1
 Pain                     Necr           80%        1d8       1%          1
 Dazzling Flash           Conj/Hex       100%       N/A       1%          3
 Fulminant Prism          Conj/Hex       27%        3d14      2%          4
 Hailstorm                Conj/Ice       55%        3d12      2%          4
 Frozen Ramparts          Ice            40%        1d6       4%          3
 Ozocubu's Armour         Ice            20%        N/A       4%          3
 Vampiric Draining        Necr           10%        2d7       4%          3
 Leda's Liquefaction      Hex/Erth       16%        N/A       8%          4
 Metabolic Englaciation   Hex/Ice        10%        N/A       36%         5
 Simulacrum               Ice/Necr       10%        N/A       89%         6


Dungeon Overview and Level Annotations

Branches:
Dungeon (12/15)            Temple (0/1) D:6            Lair (0/6) D:10
    Orc (0/2) D:10

Shops:
D:7 *(   D:8 [   D:9 [

Annotations:
D:4 2 transporters
D:6 3 runed translucent doors, 2tc's ghost, novice DrTm; Patagonicus's ghost, novice TrBe; Tutankhamun's ghost, amateur GrFi; fly's ghost, weakling HuDe; hofbold's ghost, novice DjBe
D:11 3 runed translucent doors, Leibowitz's ghost, journeyman KoGl
D:12 BorisBritva's ghost, journeyman MiGl


Innate Abilities, Weirdness & Mutations

Your attributes grow dramatically as you level up.
You have an increased reservoir of magic. (+10% MP)
You shall have no god before yourself.


Message History

* * * LOW HITPOINT WARNING * * *
The centaur warrior unwields a +0 longbow.
The centaur warrior wields a -2 scythe.
The centaur warrior closely misses you. The centaur warrior kicks you.
* * * LOW HITPOINT WARNING * * *
Unknown command.
Unknown command.
Unknown command.
Unknown command.
Unknown command.
Casting: Magic Dart (safe; 1% risk of failure)
Confirm with . or Enter, or press ? or * to list all spells.
You erupt in a blast of force!
The mystic blast hits the merfolk impaler!!
The merfolk impaler is moderately wounded.
The merfolk impaler is knocked back by the mystic blast.
The merfolk impaler slams into the metal wall!
The mystic blast hits the centaur warrior!
The centaur warrior is lightly wounded.
The centaur warrior is knocked back by the mystic blast.
The centaur warrior collides with the merfolk impaler!
The mystic blast hits the centaur warrior!
The centaur warrior is moderately wounded.
The centaur warrior is knocked back by the mystic blast.
The centaur warrior slams into the metal wall!
The mystic blast hits BorisBritva's ghost but does no damage.
The mystic blast hits the centaur warrior!
The centaur warrior is lightly wounded.
The centaur warrior unwields a +0 longbow.
The centaur warrior wields a staff of conjuration.
The centaur warrior hits you with a staff of conjuration.
* * * LOW HITPOINT WARNING * * *
The centaur warrior kicks you.
* * * LOW HITPOINT WARNING * * *
BorisBritva's ghost hits you!
* * * LOW HITPOINT WARNING * * *
The centaur warrior unwields a -2 scythe.
The centaur warrior wields a +0 longbow.
The centaur warrior shoots an arrow.
The arrow hits you!!
You die...

..# #.# #.#......# #.##.......
''# #.# #.#.....[# #.##.......
..♣ #.#####.####..## #.##.......
..♣ #.....#.# ############.#.#.#
.##♣♣#.....#.# #.#...... #..#.#..
♣.#..+.....'.# #.#.#.#.. ####...#
.♣...+.....### #.#c8.8.. #.......
#.#♣♣#.....# ##.'.....# ##......
..♣ #.....# #.@W....._ #......
..♣ #.....####.cc.....# #......
''####...........#m8.8.[ #......
.....(...........#.#.#.. #......
#................#...... #......
#................##########......
#.....[...........##.).>)...#####
###############...##.##.###.#
#...##.#..###.#####


You could see a merfolk impaler, 3 centaur warriors and BorisBritva's ghost.

Vanquished Creatures
  A great orb of eyes (D:12)
  5 two-headed ogres
  2 deep elf pyromancers (D:12)
  A cyclops (D:11)
  An ugly thing (D:11)
  A gargoyle (D:12)
  2 unseen horrors (D:12)
  Maggie (D:10)
  A kobold demonologist (D:12)
  Psyche (D:8)
  6 trolls
  A hornet (D:8)
  Grinder (D:6)
  Prince Ribbit (D:6)
  4 slime creatures (D:12)
  A shadow (D:10)
  18 yaks
  A vampire (D:12)
  3 wraiths
  7 vampire mosquitoes
  2 steam dragons
  An acid dragon (D:11)
  4 water moccasins
  An ice beast (D:5)
  6 orc warriors
  Duvessa (D:5)
  3 sky beasts
  2 black bears
  A necrophage (D:5)
  5 ogres
  7 centaurs
  2 phantoms (D:5)
  5 kobold brigands
  2 bullfrogs
  4 scorpions
  6 gnoll sergeants
  5 killer bees (D:9)
  Dowan (D:5)
  28 wights
  3 howler monkeys (D:8)
  3 centaur zombies
  3 hounds
  3 jellies
  5 orc priests
  A bullfrog skeleton (D:7)
  A centaur skeleton (D:4)
  2 iguanas
  5 orc wizards
  A howler monkey zombie (D:9)
  2 hound skeletons (D:4)
  Robin (D:3)
  12 gnolls
  8 adders
  A shadow imp (D:6)
  An adder skeleton (D:2)
  A worm (D:4)
  7 dart slugs
  18 orcs
  7 endoplasms
  4 giant cockroaches
  16 goblins
  9 hobgoblins
  19 jackals
  9 kobolds
  3 quokkas
  3 ball pythons
  A bat (D:2)
  7 frilled lizards
  3 rats
304 creatures vanquished.

Vanquished Creatures (others)
  44 fungi (D:10)
  35 plants (D:10)
79 creatures vanquished.

Grand Total: 383 creatures vanquished

Notes
Turn   | Place    | Note
-------+----------+-------------------------------------------
     0 | D:1      | Morbidden the Demigod Conjurer began the quest for the Orb.
     0 | D:1      | Reached XP level 1. HP: 14/14 MP: 5/5
   340 | D:1      | Reached XP level 2. HP: 20/20 MP: 2/7
   433 | D:1      | Learned a level 2 spell: Searing Ray
   970 | D:2      | Reached XP level 3. HP: 17/26 MP: 4/8
  2233 | D:3      | Reached XP level 4. HP: 34/34 MP: 4/10
  2381 | D:3      | Learned a level 4 spell: Iskenderun's Mystic Blast
  2829 | D:3      | Noticed Robin
  2853 | D:3      | Killed Robin
  2854 | D:3      | Reached skill level 5 in Conjurations
  2867 | D:3      | Reached XP level 5. HP: 36/39 MP: 0/12
  3197 | D:4      | Found a transporter.
  3198 | D:4      | Noticed an ice beast
  3200 | D:4      | Noticed an ice beast
  3242 | D:4      | Found a transporter.
  3308 | D:4      | Reached skill level 1 in Unarmed Combat
  3635 | D:4      | Identified the +0 leather armour of Reagg {*Slow Will-
                  | Int+9}
  4302 | D:5      | Entered Level 5 of the Dungeon
  4329 | D:5      | Reached XP level 6. HP: 42/46 MP: 7/14
  4380 | D:5      | Reached skill level 1 in Fighting
  4380 | D:5      | Reached skill level 1 in Translocations
  4516 | D:5      | Reached XP level 7. HP: 51/52 MP: 10/16
  4622 | D:5      | Noticed Duvessa
  4623 | D:5      | Noticed Dowan
  4648 | D:5      | Killed Dowan
  4653 | D:5      | Killed Duvessa
  4809 | D:5      | Identified the +2 robe of the Forest {rC+ Regen+ Str+3}
  4844 | D:5      | Reached skill level 1 in Armour
  4973 | D:5      | Reached XP level 8. HP: 57/61 MP: 11/19
  4996 | D:5      | Reached skill level 5 in Spellcasting
  5467 | D:6      | Found a runed translucent gate.
  5467 | D:6      | Found a runed translucent gate.
  5471 | D:6      | Noticed Patagonicus's ghost (novice TrBe)
  5472 | D:6      | Noticed Tutankhamun's ghost (amateur GrFi)
  5472 | D:6      | Noticed 2tc's ghost (novice DrTm)
  5473 | D:6      | Found a runed translucent gate.
  5473 | D:6      | Noticed hofbold's ghost (novice DjBe)
  5473 | D:6      | Noticed fly's ghost (weakling HuDe)
  5476 | D:6      | Found the +10 zealot's sword {holy, *Rage rN+ EV+3}
  5548 | D:6      | Found a staircase to the Ecumenical Temple.
  5828 | D:6      | Noticed Grinder
  5834 | D:6      | Killed Grinder
  5967 | D:6      | Noticed Prince Ribbit
  5974 | D:6      | Killed Prince Ribbit
  6036 | D:6      | Reached XP level 9. HP: 39/69 MP: 16/22
  6624 | D:7      | Found Desecsozu's Weapon Shoppe.
  7247 | D:7      | Found High's Overcharged Wands.
  7567 | D:8      | Noticed Psyche
  7576 | D:8      | Killed Psyche
  7649 | D:8      | Found Wait's Antique Armour Emporium.
  7659 | D:8      | Bought an ancient chain mail for 275 gold pieces
  7659 | D:8      | Identified the +7 chain mail "Voemar" {Harm rF+ Str+3} (You
                  | bought it in a shop on level 8 of the Dungeon)
  8120 | D:8      | Reached skill level 1 in Long Blades
  8124 | D:8      | Reached XP level 10. HP: 73/78 MP: 2/25
  8480 | D:8      | Noticed a lindwurm
  8514 | D:9      | Reached skill level 1 in Short Blades
  8514 | D:9      | Reached skill level 5 in Translocations
  9047 | D:9      | Found Abem's Armour Shoppe.
  9919 | D:10     | Entered Level 10 of the Dungeon
 10138 | D:10     | Noticed Maggie
 10151 | D:10     | Killed Maggie
 10152 | D:10     | Reached skill level 5 in Fighting
 10427 | D:10     | Found a staircase to the Lair.
 10715 | D:10     | Found a staircase to the Orcish Mines.
 10721 | D:10     | Reached XP level 11. HP: 58/88 MP: 17/28
 11065 | D:10     | Noticed a two-headed ogre
 11079 | D:10     | Killed a two-headed ogre
 11799 | D:10     | Learned a level 5 spell: Bolt of Magma
 11875 | D:10     | Learned a level 6 spell: Statue Form
 12255 | D:11     | Found a runed translucent gate.
 12256 | D:11     | Found a runed translucent gate.
 12257 | D:11     | Found a runed translucent gate.
 12259 | D:11     | Noticed Leibowitz's ghost (journeyman KoGl)
 12511 | D:11     | Reached skill level 1 in Earth Magic
 12523 | D:11     | Noticed a two-headed ogre
 12528 | D:11     | Reached skill level 1 in Transmutations
 12560 | D:11     | Killed a two-headed ogre
 12849 | D:11     | Noticed a two-headed ogre
 12859 | D:11     | Killed a two-headed ogre
 12860 | D:11     | Reached skill level 1 in Fire Magic
 13678 | D:12     | Noticed a two-headed ogre
 13684 | D:12     | Noticed a deep elf pyromancer
 13690 | D:12     | Killed a two-headed ogre
 13855 | D:12     | Killed a deep elf pyromancer
 14460 | D:12     | Reached XP level 12. HP: 24/97 MP: 7/30
 15217 | D:12     | Noticed a great orb of eyes
 15220 | D:12     | Killed a great orb of eyes
 15647 | D:12     | Found a runed translucent gate.
 15648 | D:12     | Noticed BorisBritva's ghost (journeyman MiGl)
 15649 | D:12     | Found a runed translucent gate.
 15650 | D:12     | Found a runed translucent gate.
 15650 | D:12     | Noticed a centaur warrior
 15650 | D:12     | Noticed a merfolk impaler
 15650 | D:12     | Noticed a centaur warrior
 15651 | D:12     | Identified the +1 robe "Xoukhlif" {-Cast rElec rPois}
 15651 | D:12     | Noticed a centaur warrior
 15864 | D:12     | Shot with an arrow by a centaur warrior

Illustrated notes

Levels and vault maps discovered:
D:1:      dpeg_arrival_simpleton_c, layout_rooms,
          hellmonk_ecumenical_altar_arch_garden, kennysheep_minor_cross,
          st_stairs_8, chequers_hall_statues_corner_a
D:2:      layout_loops_ring
D:3:      layout_basic, mainiacjoe_overflow_alcove_2, kennysheep_slug_shrine,
          nicolae_overflow_hidden_temple, uniq_robin
D:4:      gammafunk_cloud_chamber, layout_layer_cave,
          ashenzari_conservatory_becter, old_standard_altar
D:5:      layout_gridville, mainiacjoe_overflow_alcove_1, uniq_duvessa
D:6:      layout_rooms, old_standard_altar, minmay_temple_entry_mini_moons,
          gammafunk_ghost_cemetery, uniq_prince_ribbit1, uniq_grinder
D:7:      layout_basic, serial_shops, nicolae_shop_window_shopping,
          nicolae_shop_overcharged_wands
D:8:      layout_cave_pools, serial_shops, shop, minmay_lindwurm_lava,
          uniq_psyche
D:9:      layout_irregular_city, mainiacjoe_overflow_surrounded_room,
          chequers_temple_overflow_minitemple, serial_shops, shop, nicolae_wwwww
D:10:     layout_irregular_city, lemuel_coloured_pillars_altar,
          due_lair_maze_entry_diamond, kennysheep_orc_monster_closet_entryway,
          uniq_maggie
D:11:     layout_loops_corners, ebering_ghost_rock_garden
D:12:     layout_basic, gammafunk_ghost_fury_of_okawaru,
          kennysheep_generic_room_4

Skill      XL: |  1  2  3  4  5  6  7  8  9 10 11 12 |
---------------+-------------------------------------+-----
Conjurations   | 4 5 6 7 8 9 |  9.1
Spellcasting   | 2 3 4 6 7 8 9 |  9.8
Stealth        | 2 3 |  3.3
Unarmed Combat | 1 |  1.6
Fighting       | 1 2 3 4 5 6 |  6.7
Translocations | 1 2 3 4 5 6 |  6.9
Dodging        | 2 3 |  3.3
Armour         | 1 2 |  2.8
Long Blades    | 1 3 4 |  4.7
Short Blades   | 2 3 4 |  4.1
Earth Magic    | 3 |  3.2
Transmutations | 2 3 |  3.0
Fire Magic     | 2 |  2.2
Throwing       | |  0.4
Shields        | |  0.1

Action                   |  1- 3 |  4- 6 |  7- 9 | 10-12 || total
-------------------------+-------+-------+-------+-------++-------
Melee: Unarmed           |     1 |     3 |       |       ||     4
       Dagger            |       |       |       |    19 ||    19
Throw: Dart              |       |       |       |     5 ||     5
 Cast: Magic Dart        |   110 |   120 |   144 |    18 ||   392
       Searing Ray       |       |    10 |    43 |     8 ||    61
       Iskenderun's Myst |       |       |    29 |   131 ||   160
       Bolt of Magma     |       |       |       |    51 ||    51
Evoke: Wand              |       |       |       |     5 ||     5
  Use: Scroll            |       |       |     2 |       ||     2
       Potion            |       |       |       |     2 ||     2
Armor: Robe              |     3 |     7 |       |       ||    10
       Leather armour    |       |     2 |    13 |    20 ||    35
Dodge: Dodged            |    12 |    19 |    33 |    71 ||   135
Block: Buckler           |       |       |     1 |    12 ||    13

Table legend: (Time is in decaauts)
 A = Elapsed time spent in this place.
 B = Non-inter-level travel time spent in this place.
 C = Inter-level travel time spent in this place.
 D = Time resting spent in this place.
 E = Time spent auto-exploring this place.
 F = Levels seen in this place.
 G = Mean time per level.
                   A        B        C        D        E       F      G
               +--------+--------+--------+--------+--------+-----+--------+
         Total |  15880 |  15559 |    321 |    989 |  12503 |  12 | 1323.3 |
       Dungeon |  15880 |  15559 |    321 |    989 |  12503 |  12 | 1323.3 |
               +--------+--------+--------+--------+--------+-----+--------+

Top non-repeatable levels by time:
    D:12: 2121 daAuts
    D:10: 2065 daAuts
    D:11: 1768 daAuts
     D:9: 1431 daAuts
     D:2: 1275 daAuts
     D:7: 1138 daAuts
     D:4: 1103 daAuts
     D:5: 1086 daAuts
     D:6: 1038 daAuts
     D:3: 1026 daAuts
     D:8: 927 daAuts
     D:1: 895 daAuts
